 Dungeon Crawl Stone Soup version 0.29.1-2-gbd0b4ee654 (webtiles) character file.

Game seed: 16744138818187930782

434 styxcanada the Sneak (level 6, -3/32 HPs)
             Began as a Spriggan Brigand on Nov 2, 2022.
             Slain by an iguana (9 damage)
             ... on level 5 of the Dungeon.
             The game lasted 00:19:13 (4460 turns).

styxcanada the Sneak (Spriggan Brigand)             Turns: 4460, Time: 00:19:15

Health: -3/32      AC:  3    Str:  7    XL:     6   Next: 67%
Magic:  9/9        EV: 18    Int: 12    God:
Gold:   158        SH:  0    Dex: 19    Spells: 6/8 levels left

rFire   . . .      SeeInvis +   f - +4 sling
rCold   + . .      Faith    .   (no shield)
rNeg    . . .      Spirit   .   h - +0 robe {rC+}
rPois   .          Reflect  .   (helmet restricted)
rElec   .          Harm     .   c - +0 cloak
rCorr   .          Rampage  .   (gloves unavailable)
Will    +....                   (boots unavailable)
Stlth   ++++......              (no amulet)
HPRegen 0.10/turn               (no ring)
MPRegen 0.11/turn               (no ring)

@: very quick
A: very small, no large weapons, unfitting armour, see invisible, speed 3
a: no special abilities


You were on level 5 of the Dungeon.
You visited 1 branch of the dungeon, and saw 5 of its levels.

You collected 158 gold pieces.

Inventory:

Hand Weapons
 a - a +2 dagger
 f - a +4 sling (weapon)
Missiles
 d - 8 poisoned darts
 e - a curare-tipped dart
 i - 40 stones
 m - 2 throwing nets
 q - 8 boomerangs
Armour
 c - a +0 cloak (worn)
 h - a +0 robe of cold resistance (worn)
Magical Staves
 g - a staff of earth
 j - a staff of earth
Wands
 k - a wand of flame (16)
 x - a wand of mindburst (4)
Scrolls
 n - a scroll of butterflies
 r - 2 scrolls of amnesia
Potions
 b - 2 potions of mutation {unknown}
 l - a potion of brilliance
 o - a potion of haste {unknown}
 p - 2 potions of invisibility {unknown}
 s - 4 potions of ambrosia {unknown}
 t - a potion of attraction {unknown}
 u - a potion of might {unknown}
 w - a potion of degeneration {unknown}
 z - a potion of heal wounds {unknown}


   Skills:
 * Level 2.4 Fighting
 + Level 2.7 Short Blades
 + Level 3.1 Ranged Weapons
 + Level 2.7 Throwing
 * Level 3.4 Dodging
 * Level 7.9 Stealth
 * Level 1.5 Spellcasting
 * Level 1.8 Translocations
 * Level 1.6 Evocations


You had 6 spell levels left.
You knew the following spells:

 Your Spells              Type           Power      Damage    Failure   Level
a - Blink                 Tloc           10%        N/A       21%         2

Your spell library contained the following spells:

 Spells                   Type           Power      Damage    Failure   Level
 Gell's Gravitas          Tloc           5%         N/A       38%         3
 Lesser Beckoning         Tloc           5%         N/A       38%         3
 Teleport Other           Tloc           5%         N/A       38%         3
 Malign Gateway           Summ/Tloc      1%         N/A       100%        7
 Disjunction              Tloc           2%         N/A       100%        8


Dungeon Overview and Level Annotations

Branches:
Dungeon (5/15)
 Temple: D:4-7

Altars:
Ashenzari
Fedhas
Qazlal
Wu Jian
Yredelemnul


Innate Abilities, Weirdness & Mutations

You are very small and have problems with some larger weapons.
You are too small for most types of armour.
You have supernaturally acute eyesight. (SInv)
You cover ground extremely quickly. (Speed+++)


Message History

The iguana is moderately wounded.
Fire: f) +4 sling
Press: ? - help, Q - select action, (/) - cycle Shift-Dir - straight line, f/p - iguana
Aim: an iguana (moderately wounded, 69% to hit)
You shoot a sling bullet. The sling bullet hits the iguana.
The iguana is severely wounded.
The steam dragon breathes steam at you. The ball of steam misses you.
Fire: f) +4 sling
Press: ? - help, Q - select action, (/) - cycle Shift-Dir - straight line, f/p - iguana
Aim: an iguana (severely wounded, 69% to hit)
You shoot a sling bullet.
The sling bullet barely misses the iguana.
The iguana closely misses you.
Fire: f) +4 sling
Press: ? - help, Q - select action, (/) - cycle Shift-Dir - straight line, f/p - iguana
Aim: an iguana (severely wounded, 69% to hit)
You shoot a sling bullet. The sling bullet hits the iguana.
The iguana is almost dead.
The iguana completely misses you.
Really attack while wielding your +4 sling? [Y]es or [N]o only, please.
Really attack while wielding your +4 sling? [Y]es or [N]o only, please.
Really attack while wielding your +4 sling? [Y]es or [N]o only, please.
Really attack while wielding your +4 sling? [Y]es or [N]o only, please.
Really attack while wielding your +4 sling?
Okay, then.
Unknown command.
Unknown command.
Unknown command.
Fire: f) +4 sling
Press: ? - help, Q - select action, (/) - cycle Shift-Dir - straight line, f/p - iguana
Aim: an iguana (almost dead, 69% to hit)
You shoot a sling bullet.
The sling bullet barely misses the iguana.
The iguana bites you!
You die...

###.########.### #.........#
#####....§.D§§D....# #.........#
.....$..########.#.# ##.........#
.......D######.....###..(....####
.....>........$..†....†......'..#
.......#÷......#.#####.......##.#
.......#.#######.# #...?.....##.#
.......#.# #l# #.###+######.#
.......#D# #@# #.# #<#### #.#
...<...#.# #$###h# #..÷.# #l#
########.#######§#...# #....# #.#
#..#...#.D.##s## #....###J#
#.##.#.#.####.####....#....
#.##.#§#.# #.#..+.........
#..D..§D§# #l#.##........J
#####..######...)##........
#............##........


You could see a steam dragon and an iguana.

Vanquished Creatures
  2 hounds (D:5)
  A gnoll bouda (D:4)
  3 iguanas (D:5)
  An orc wizard (D:5)
  11 gnolls
  3 adders
  2 worms
  14 orcs
  5 ball pythons
  8 endoplasms
  2 giant cockroaches (D:2)
  5 goblins
  8 hobgoblins
  5 jackals
  5 quokkas
  8 bats
  4 frilled lizards
  5 kobolds
  6 rats
98 creatures vanquished.

Notes
Turn   | Place    | Note
-------+----------+-------------------------------------------
     0 | D:1      | styxcanada the Spriggan Brigand began the quest for the
                  | Orb.
     0 | D:1      | Reached XP level 1. HP: 10/10 MP: 2/2
    49 | D:1      | Reached skill level 6 in Stealth
   444 | D:1      | Found a faded altar of an unknown god.
   455 | D:1      | Reached XP level 2. HP: 14/14 MP: 3/3
  1218 | D:2      | Reached XP level 3. HP: 18/18 MP: 4/4
  1284 | D:2      | Reached skill level 7 in Stealth
  1343 | D:2      | Reached skill level 1 in Ranged Weapons
  1343 | D:2      | Reached XP level 4. HP: 23/23 MP: 5/5
  1711 | D:3      | Reached XP level 5. HP: 26/26 MP: 6/6
  2624 | D:3      | Found a basalt altar of Yredelemnul.
  2664 | D:3      | Found a broken altar of Ashenzari.
  2844 | D:4      | Found a stormy altar of Qazlal.
  2861 | D:4      | Found a blossoming altar of Fedhas.
  2906 | D:4      | Got the Octavo of Translocation
  2923 | D:4      | Learned a level 2 spell: Blink
  3301 | D:4      | Found an ornate altar of the Wu Jian Council.
  3668 | D:4      | Reached skill level 1 in Translocations
  3668 | D:4      | Reached skill level 1 in Evocations
  3841 | D:5      | Entered Level 5 of the Dungeon
  3845 | D:5      | Reached skill level 1 in Spellcasting
  3845 | D:5      | Reached XP level 6. HP: 30/30 MP: 8/8
  3937 | D:5      | Noticed a steam dragon
  4460 | D:5      | Slain by an iguana

Illustrated notes

Levels and vault maps discovered:
D:1:      heliophobic_arrival_enchanted_forest, layout_basic,
          shapermc_ecumenical_altar_notcrosses
D:2:      layout_basic
D:3:      layout_basic, general_overflow_altar, lemuel_doored_altar
D:4:      layout_loops_ring, grunt_temple_overflow_forces_of_nature,
          mainiacjoe_overflow_paths, hangedman_abyss_or_decor_jellyfish_corner,
          minivault_4
D:5:      layout_basic, serial_shops, shop, nrook_mini_vaults, uniq_grinder

Skill      XL: |  1  2  3  4  5  6 |
---------------+-------------------+-----
Stealth        | 6 7 |  7.9
Dodging        | 2 3 |  3.4
Ranged Weapons | 1 2 3 |  3.1
Fighting       | 2 |  2.4
Translocations | 1 |  1.8
Evocations     | 1 |  1.6
Spellcasting   | 1 |  1.5
Short Blades   | |  2.7
Throwing       | |  2.7

Action                   |  1- 3 |  4- 6 || total
-------------------------+-------+-------++-------
Melee: Dagger            |    31 |    86 ||   117
       Punch             |       |     1 ||     1
 Fire: Sling             |    35 |   107 ||   142
Throw: Dart              |     9 |    29 ||    38
       Stone             |       |     1 ||     1
Evoke: Wand              |       |     1 ||     1
  Use: Scroll            |     1 |     6 ||     7
 Stab: Sleeping          |     5 |     7 ||    12
Armor: Robe              |     6 |    19 ||    25
Dodge: Dodged            |    18 |    98 ||   116
